[Event "*** MasterClass Titled Tuesday Blitz"]
[Site "Chess.com"]
[Date "2017.10.03"]
[Round "9"]
[White "ehrenfeld"]
[Black "pandamaster3000"]
[Result "1-0"]
[WhiteElo "2338"]
[BlackElo "2170"]
[TimeControl "180+2"]
[EndTime "14:59:15 PDT"]
[Termination "ehrenfeld won by resignation"]

1. e4 e6 2. d3 d5 3. Qe2 Be7 4. Nf3 Nf6 5. g3 O-O 6. Bg2 Nc6 7. O-O dxe4 8. dxe4 e5 9. Rd1 Qe8 10. h3 h6 11. Nc3 Be6 12. Nd5 Rc8 13. Qb5 Bxd5 14.
exd5 Nd4 15. Nxd4 exd4 16. Qxb7 Bc5 17. Qa6 Qd7 18. Bd2 Nxd5 19. Qc4 Ne3 20. Bxe3 1-0

[Event "*** MasterClass Titled Tuesday Blitz"]
[Site "Chess.com"]
[Date "2017.10.03"]
[Round "9"]
[White "TheFlaminGM"]
[Black "MITerryble"]
[Result "1-0"]
[WhiteElo "2600"]
[BlackElo "2626"]
[TimeControl "180+2"]
[EndTime "14:59:18 PDT"]
[Termination "TheFlaminGM won by resignation"]

1. e4 e6 2. d4 d5 3. Nd2 Be7 4. e5 c5 5. c3 cxd4 6. cxd4 Nc6 7. Bd3 Qb6 8. Ndf3 Bb4+ 9. Kf1 Bd7 10. Ne2 Be7 11.
g3 Nb4 12. Bb1 Rc8 13. a3 Qa6 14. Kg2 Nc6 15. Bd3 Qb6 16. b4 a6 17. h4 Na7 18.
Be3 Bb5 19. Bc2 Qc6 20. Rc1 Qd7 21. Nf4 h5 22. Ng5 g6 23. Nxg6 1-0

[Event "*** MasterClass Titled Tuesday Blitz"]
[Site "Chess.com"]
[Date "2017.10.03"]
[Round "9"]
[White "Bryakin_Mikhail"]
[Black "krzyzan94"]
[Result "0-1"]
[WhiteElo "2497"]
[BlackElo "2594"]
[TimeControl "180+2"]
[EndTime "14:59:22 PDT"]
[Termination "krzyzan94 won by resignation"]

1. d4 Nf6 2. c4 g6 3. Nc3 d5 4. Bg5 Bg7 5. e3 c6 6. Nf3 O-O 7. Bxf6 Bxf6 8. cxd5 cxd5 9. Bd3 Nc6 10. O-O Bg7 11. Rc1 Bg4 12. h3 Bxf3 13. Qxf3 e6 14.
Bb5 Na5 15. b4 a6 16. Bd3 Nc6 17. a3 Qd6 18. Rc2 Rfc8 19. Rfc1 a5 20. b5 Ne7 21. a4 Qb4 22. Qe2 f5 23. f4 Kf7 24. Kh2 Qa3 25. Ra2 Qxc1 0-1

[Event "*** MasterClass Titled Tuesday Blitz"]
[Site "Chess.com"]
[Date "2017.10.03"]
[Round "9"]
[White "Sven_Tica"]
[Black "Tesla37"]
[Result "0-1"]
[WhiteElo "2456"]
[BlackElo "2678"]
[TimeControl "180+2"]
[EndTime "14:59:42 PDT"]
[Termination "Tesla37 won by resignation"]

1. d4 Nf6 2. c4 d6 3. Nf3 Nbd7 4. Nc3 e5 5. e4 c6 6. Be2 g6 7. O-O Bg7 8. Re1 O-O 9. Bf1 h6 10. h3 Nh7 11. Be3 f5 12. dxe5 dxe5 13. b3 f4 14. Bc1 g5 15. Ba3 Re8 16. Nh2 Qa5 17. Bb2 Ndf6 18. Be2 Be6 19. Qc2 h5 20. Rad1 g4 21. hxg4 hxg4 22. Rd6 g3 23. Rd3 gxh2+ 24. Kxh2 Ng5 25. g3 Kf7 26. gxf4 Rh8+ 27. Kg1 Nh3+ 28. Kf1 Nxf4 0-1

[Event "*** MasterClass Titled Tuesday Blitz"]
[Site "Chess.com"]
[Date "2017.10.03"]
[Round "9"]
[White "nubair1198"]
[Black "calemcc"]
[Result "1-0"]
[WhiteElo "2452"]
[BlackElo "2177"]
[TimeControl "180+2"]
[EndTime "14:59:44 PDT"]
[Termination "nubair1198 won by checkmate"]

1. d4 d5 2. c4 e6 3. Nc3 c6 4.
Nf3 dxc4 5. Bg5 Nf6 6. e4 b5 7. e5 h6 8. Bh4 g5 9. Nxg5 hxg5 10. Bxg5 Nbd7 11. exf6 Bb7 12. g3 c5 13. d5 Ne5 14.
f4 b4 15. fxe5 bxc3 16. Bxc4 Qa5 17. dxe6 cxb2+ 18. Kf2 fxe6 19. f7+ Kxf7 20. Qd7+ Kg6 21. Qxe6+ Kg7 22. Qf7# 1-0

[Event "*** MasterClass Titled Tuesday Blitz"]
[Site "Chess.com"]
[Date "2017.10.03"]
[Round "9"]
[White "Keaton87"]
[Black "VladDobrov"]
[Result "0-1"]
[WhiteElo "2470"]
[BlackElo "2617"]
[TimeControl "180+2"]
[EndTime "15:00:47 PDT"]
[Termination "VladDobrov won by resignation"]

1. d4 Nf6 2. Nf3 e6 3. e3 c5 4. Bd3 Nc6 5. O-O d5 6. c3 Bd6 7. Nbd2 b6 8. b3 Bb7 9. Bb2 O-O 10. Rc1 Re8 11. dxc5 Bxc5 12. c4 Qe7 13. Qe2 Ba3 14. Bxa3 Qxa3 15. cxd5 Nxd5 16. Nc4 Qe7 17. Rfd1 Red8 18. Bb1 f6 19. Qb2 b5 20. Ncd2 b4 21. Ne4 Rac8 22. Nc5 Nc3 23. Rxd8+ Nxd8 24. Nxb7 Ne2+ 0-1

[Event "*** MasterClass Titled Tuesday Blitz"]
[Site "Chess.com"]
[Date "2017.10.03"]
[Round "9"]
[White "Krasimir_Rusev"]
[Black "josiwales"]
[Result "1-0"]
[WhiteElo "2524"]
[BlackElo "2337"]
[TimeControl "180+2"]
[EndTime "15:01:04 PDT"]
[Termination "Krasimir_Rusev won by resignation"]

1. d4 d5 2. Bf4 Nf6 3. e3 c6 4. c4 Bf5 5. Nc3 e6 6. Qb3 Qb6 7. c5 Qxb3 8. axb3 Nbd7 9. h3 h5 10. b4 Ne4 11. b5 e5 12. Bh2 f6 13. Nf3 g5 14. Nxe4 Bxe4 15. Nd2 Bg6 16. b4 g4 17. Be2 gxh3 18. gxh3 Bf5 19. Nf3 Be4 20. Rg1 Bh6 21.
dxe5 Bxf3 22. Bxf3 fxe5 23. Bxh5+ Ke7 24. Bg4 d4 25. bxc6 bxc6 26. Bxd7 Kxd7 27. Bxe5 dxe3 28.
Bxh8 exf2+ 29. Kxf2 Rxh8 30. Rxa7+ Ke6 31. Rd1 Bf4 32. Ra6 Rxh3 33. Rxc6+ Ke5 34. Rc8 Rb3 35. Re8+ Kf5 36. Rd5+ Kg4 37. Rg8+ Kh4 38. Rd4 1-0

[Event "*** MasterClass Titled Tuesday Blitz"]
[Site "Chess.com"]
[Date "2017.10.03"]
[Round "9"]
[White "pastouche06"]
[Black "GameOverBro"]
[Result "0-1"]
[WhiteElo "2275"]
[BlackElo "2313"]
[TimeControl "180+2"]
[EndTime "15:01:05 PDT"]
[Termination "GameOverBro won by checkmate"]

1. e4 d6 2. d4 Nf6 3. Nc3 e5 4. Nf3 Nbd7 5. Bc4 Be7 6. a4 c6 7. O-O h6 8. h3 Qc7 9. a5 Nf8 10. Be3 Ng6 11. d5 O-O 12. Qd3 Nh5 13. Ne2 Bd7 14. Ng3 Nhf4 15. Qd2 cxd5 16. Bxd5 Nxd5 17. exd5 f5 18. Bxh6 f4 19. Bxg7 Kxg7 20. Nh5+ Kh6 21.
g4 e4 22. Nd4 Bg5 23. Qe2 Nh4 24. Qxe4 Rae8 25. Ne6 Rxe6 26. dxe6 Bc6 27. Qb4 Nf3+ 28. Kh1 Nd2+ 29. f3 Nxf1 30. Rxf1 Qe7 31. h4 Bxh4 32. Nxf4 Bg5 33. Nh5 Qxe6 34. Kg2 Qe2+ 35. Rf2 Bxf3+ 36. Kg1 Qd1+ 37. Kh2 Qh1+ 38. Kg3 Qh4# 0-1

[Event "*** MasterClass Titled Tuesday Blitz"]
[Site "Chess.com"]
[Date "2017.10.03"]
[Round "9"]
[White "SergeiAza"]
[Black "joppie2"]
[Result "0-1"]
[WhiteElo "2704"]
[BlackElo "2614"]
[TimeControl "180+2"]
[EndTime "15:01:16 PDT"]
[Termination "joppie2 won by resignation"]

1. e4 e5 2. Nf3 Nc6 3. Bb5 g6 4. O-O Bg7 5. Re1 d6 6. d4 Bd7 7. d5 Nce7 8. a4 h6 9. Be3 f5 10. exf5 gxf5 11. Bxd7+ Qxd7 12. c4 Nf6 13. Nc3 O-O 14.
c5 Ng6 15. Qb3 Kh7 16. Qxb7 e4 17. c6 Qf7 18. Nd4 Nxd5 19. Nxd5 Qxd5 20. Rad1 f4 21.
Nb5 Qg5 22. Bd4 Nh4 23. g3 Nf3+ 24. Kg2 Qh5 25. h3 Nxe1+ 26. Rxe1 Qf3+ 27. Kf1 fxg3 28. Qxc7 Rf7 29. Qxd6 gxf2 0-1

[Event "*** MasterClass Titled Tuesday Blitz"]
[Site "Chess.com"]
[Date "2017.10.03"]
[Round "9"]
[White "Taron_Shagbazyan"]
[Black "Jungle_Jaguar"]
[Result "1-0"]
[WhiteElo "2507"]
[BlackElo "2369"]
[TimeControl "180+2"]
[EndTime "15:01:21 PDT"]
[Termination "Taron_Shagbazyan won by checkmate"]

1. d4 Nf6 2. c4 e6 3. Nc3 d5 4. Bg5 Be7 5. cxd5 exd5 6. e3 O-O 7. Bd3 Be6 8. Qc2 Nbd7 9. Nge2 Re8 10. h3 a6 11. Nf4 Nf8 12. Nxe6 Nxe6 13. Bh4 c5 14. O-O cxd4 15. exd4 Nxd4 16. Qd1 h6 17. Re1 Ne6 18. Bxf6 Bxf6 19. Nxd5 Bxb2 20. Rb1 Bd4 21. Bc4 Qh4 22. Qf3 Ng5 23. Qf5 g6 24. Qf4 Bxf2+ 25. Qxf2 Qxc4 26.
Nf6+ Kf8 27. Nxe8 Rxe8 28. Rxe8+ Kxe8 29. Rxb7 Kf8 30. Qf6 Qc8 31. Qh8# 1-0

[Event "*** MasterClass Titled Tuesday Blitz"]
[Site "Chess.com"]
[Date "2017.10.03"]
[Round "9"]
[White "Sethu0025"]
[Black "kleinebeer98"]
[Result "1-0"]
[WhiteElo "2639"]
[BlackElo "2507"]
[TimeControl "180+2"]
[EndTime "15:01:33 PDT"]
[Termination "Sethu0025 won on time"]

1. e4 e5 2. Nf3 Nc6 3. Bc4 Nf6 4. d3 h6 5. O-O d6 6. Re1 Bg4 7. c3 Qd7 8. Nbd2 O-O-O 9. a4 d5 10. exd5 Nxd5 11. h3 Bh5 12. Ne4 f6 13. a5 Nf4 14.
Bxf4 exf4 15. d4 Kb8 16. Ned2 g5 17. Be6 Qg7 18. Qb3 g4 19. hxg4 Bxg4 20. Bd5 Bh3 21. Nh4 Bd7 22. Re4 f5 23. Rxf4 Bd6 24. Nxf5 Bxf5 25.
Rxf5 Kc8 26. a6 1-0

[Event "*** MasterClass Titled Tuesday Blitz"]
[Site "Chess.com"]
[Date "2017.10.03"]
[Round "9"]
[White "Quiet_Desperation"]
[Black "DiogenesSinopeus"]
[Result "0-1"]
[WhiteElo "2285"]
[BlackElo "2343"]
[TimeControl "180+2"]
[EndTime "15:01:34 PDT"]
[Termination "DiogenesSinopeus won by resignation"]

1. e4 e5 2. Nf3 Nc6 3. Bb5 a6 4.
Ba4 d6 5. d3 b5 6. Bb3 Na5 7.
c3 Nxb3 8. axb3 Nf6 9. O-O Be7 10. h3 O-O 11. Re1 h6 12. Nbd2 Nh7 13. Nf1 Ng5 14.
Ng3 f5 15. Nxg5 Bxg5 16. exf5 Bxf5 17. Ne4 Be7 18. Be3 Qd7 19. Qh5 Qe6 20. Ra5 Qxb3 21. Bxh6 gxh6 22. Qxh6 Qe6 23. Qh5 Rf7 24. Re3 Rg7 25.
Rf3 Bxe4 26. dxe4 Rf8 27. Rxf8+ Bxf8 28. Rxa6 Qg6 29. Qf3 Rf7 30. Qe2 Rf4 31. Qxb5 Rxe4 32. Qd5+ Kg7 33. Ra7 Re1+ 34. Kh2 Qf7 35. Qxf7+ Kxf7 36. Rxc7+ Ke6 37. Rc8 Bh6 38. g3 Re2 39. Kg2 Rxb2 40.
Kf3 Rc2 41. h4 Bd2 42. g4 Rxc3+ 43. Rxc3 Bxc3 44. h5 Bd2 45. Kg3 Bg5 0-1

[Event "*** MasterClass Titled Tuesday Blitz"]
[Site "Chess.com"]
[Date "2017.10.03"]
[Round "9"]
[White "Mistheoretical"]
[Black "amaidel"]
[Result "0-1"]
[WhiteElo "2206"]
[BlackElo "2438"]
[TimeControl "180+2"]
[EndTime "15:01:39 PDT"]
[Termination "amaidel won by checkmate"]

1. d4 d5 2. Nc3 c6 3. e4 dxe4 4. Nxe4 Nf6 5. Nxf6+ gxf6 6. c3 Bf5 7. Nf3 e6 8. g3 Nd7 9. Bg2 Qc7 10. Bf4 Qb6 11. Qe2 O-O-O 12. O-O h5 13. h4 Bg4 14.
b4 Rg8 15. a4 a6 16. Rfb1 e5 17. dxe5 fxe5 18. Be3 Qc7 19. Qc2 f5 20. Bg5 Re8 21.
b5 f4 22. bxa6 bxa6 23. a5 Bc5 24. Kh2 Bxf3 25. Bxf3 Rxg5 26. hxg5 fxg3+ 27. fxg3 h4 28. Qe4 hxg3+ 29. Kxg3 Rf8 30. Qxc6 Rxf3+ 31. Qxf3 e4+ 32. Qf4 Bd6 33. Qxd6 Qxd6+ 34. Kg4 Qe6+ 35. Kh5 Ne5 36. Rb6 Qh3# 0-1

[Event "*** MasterClass Titled Tuesday Blitz"]
[Site "Chess.com"]
[Date "2017.10.03"]
[Round "9"]
[White "Muisback26"]
[Black "Paralinch"]
[Result "1-0"]
[WhiteElo "2707"]
[BlackElo "2682"]
[TimeControl "180+2"]
[EndTime "15:01:50 PDT"]
[Termination "Muisback26 won by resignation"]

1. e4 c5 2. Nf3 e6 3. d4 cxd4 4. Nxd4 Nf6 5. Nc3 Nc6 6. Ndb5 Bb4 7. a3 Bxc3+ 8. Nxc3 d5 9. exd5 Nxd5 10. Bd2 O-O 11. Bd3 Qh4 12. O-O Ne5 13. Be2 Nf4 14. g3 Nxe2+ 15. Qxe2 Qf6 16. Bf4 Ng6 17. Bd6 Re8 18.
Qb5 Qd8 19. Rad1 a6 20. Qb4 a5 21. Qb5 Qd7 22. Rfe1 Qc6 23. Qxc6 bxc6 24. Na4 Ra7 25. f4 Rb7 26. b3 f6 27. Nc5 Ra7 28. f5 Nf8 29.
Bxf8 Kxf8 30. fxe6 Ke7 31. Rd7+ 1-0

[Event "*** MasterClass Titled Tuesday Blitz"]
[Site "Chess.com"]
[Date "2017.10.03"]
[Round "9"]
[White "Gabrielian_Artur"]
[Black "AndrewMcStone"]
[Result "0-1"]
[WhiteElo "2526"]
[BlackElo "2091"]
[TimeControl "180+2"]
[EndTime "15:01:52 PDT"]
[Termination "AndrewMcStone won by checkmate"]

1. e4 Nc6 2. Nf3 d6 3. d4 Nf6 4.
Nc3 g6 5. d5 Nb8 6. h3 Bg7 7.
Be2 O-O 8. O-O e5 9. dxe6 Bxe6 10. Bg5 h6 11. Be3 Re8 12. Qd2 Kh7 13. Bd3 Nc6 14. Rae1 Ne5 15. Nd4 Bd7 16. f4 Nxd3 17. cxd3 c6 18.
f5 g5 19. Nf3 g4 20. hxg4 Nxg4 21. Bf4 Be5 22. Bxe5 dxe5 23. Nh2 Rg8 24. Nxg4 Rxg4 25. Nd1 Qh4 26. Qf2 Qg5 27. Ne3 Rg3 28. Re2 f6 29. Rfe1 Rg8 30. Nf1 Rxd3 31. Re3 Rxe3 32. Qxe3 Qxg2# 0-1

[Event "*** MasterClass Titled Tuesday Blitz"]
[Site "Chess.com"]
[Date "2017.10.03"]
[Round "9"]
[White "Kawhi_Leonard2"]
[Black "bilelou"]
[Result "1-0"]
[WhiteElo "2246"]
[BlackElo "2404"]
[TimeControl "180+2"]
[EndTime "15:01:56 PDT"]
[Termination "Kawhi_Leonard2 won by resignation"]

1. e4 c5 2. Nf3 d6 3. d4 cxd4 4. Nxd4 Nf6 5. Nc3 a6 6. h3 e6 7. g4 h6 8. Bg2 Be7 9. Be3 Nc6 10.
Nxc6 bxc6 11. e5 Nd5 12. exd6 Bxd6 13. O-O O-O 14. Nxd5 cxd5 15. c4 Bb7 16. cxd5 Bxd5 17. Bxd5 exd5 18. Qd4 Rb8 19. Rfd1 Bc7 20. b3 Qd6 21. Qxd5 Qh2+ 22. Kf1 Qxh3+ 23. Qg2 Qh4 24. Rac1 Be5 25. Rd5 Rfe8 26. Rc6 Rbc8 27. Rxe5 1-0

[Event "*** MasterClass Titled Tuesday Blitz"]
[Site "Chess.com"]
[Date "2017.10.03"]
[Round "9"]
[White "MatthewG-p4p"]
[Black "Buffy7"]
[Result "1-0"]
[WhiteElo "2587"]
[BlackElo "2469"]
[TimeControl "180+2"]
[EndTime "15:01:57 PDT"]
[Termination "MatthewG-p4p won by resignation"]

1. c4 e5 2. Nc3 Bb4 3. Nd5 Bc5 4.
Nf3 e4 5. Ng1 c6 6. Nc3 d5 7.
cxd5 cxd5 8. d3 Qb6 9. e3 Nf6 10.
dxe4 dxe4 11. Nxe4 Nxe4 12. Qa4+ Nc6 13. Qxe4+ Be6 14.
a3 O-O-O 15. Nf3 Rhe8 16. Bc4 Bxc4 17. Qxc4 Na5 18. Qg4+ Kb8 19. b4 Nb3 20. O-O Nxa1 21. bxc5 Qxc5 22. Bb2 Nb3 23. Qxg7 Qd5 24. Qxh7 a5 25. h4 Rg8 26. e4 Qe6 27. Ng5 Qg4 28.
Qxf7 Qxh4 29. Qxb3 Qxg5 30. g3 Rd6 31. Be5 1-0

[Event "*** MasterClass Titled Tuesday Blitz"]
[Site "Chess.com"]
[Date "2017.10.03"]
[Round "9"]
[White "TregubovP"]
[Black "Rodalquilar"]
[Result "1-0"]
[WhiteElo "2524"]
[BlackElo "2496"]
[TimeControl "180+2"]
[EndTime "15:02:07 PDT"]
[Termination "TregubovP won by checkmate"]

1. d4 d5 2. c4 dxc4 3. e3 e5 4. Bxc4 exd4 5. exd4 Bd6 6. Nf3 Nf6 7. Qe2+ Qe7 8.
Qxe7+ Bxe7 9. Nc3 a6 10. Bf4 b5 11. Bb3 c5 12. dxc5 Bxc5 13. O-O O-O 14. Rac1 Nbd7 15. Nd5 Nxd5 16. Bxd5 Ra7 17. Ng5 Bb7 18. Rfd1 Bxd5 19. Rxd5 h6 20. Ne4 Be7 21. Be3 Rb7 22. Nd6 Bxd6 23. Rxd6 Nf6 24. Rxa6 Nd5 25. Bd2 Rd8 26. Rac6 Ne7 27. R6c2 Rbd7 28. Be1 Nf5 29. Kf1 h5 30. Rc8 Rxc8 31. Rxc8+ Kh7 32. Rc5 Nd4 33. Bc3 b4 34. Bxb4 Kg6 35. Bc3 Ne6 36. Rc4 Kf5 37. a4 Rd1+ 38. Ke2 Ra1 39. a5 Nf4+ 40. Kf3 g5 41.
Rc5+ Kg6 42. g3 Nh3 43. Rc6+ Kf5 44. Rf6# 1-0

[Event "*** MasterClass Titled Tuesday Blitz"]
[Site "Chess.com"]
[Date "2017.10.03"]
[Round "9"]
[White "rickkrewson"]
[Black "TamNguyen2"]
[Result "0-1"]
[WhiteElo "1769"]
[BlackElo "2211"]
[TimeControl "180+2"]
[EndTime "15:02:08 PDT"]
[Termination "TamNguyen2 won by resignation"]

1. Nf3 Nf6 2. b3 g6 3. Bb2 Bg7 4. e3 O-O 5. Be2 d6 6. d4 Nbd7 7. O-O c6 8. c4 Qc7 9. Nc3 Re8 10. e4 e5 11. d5 c5 12. Ne1 a6 13. a4 b6 14. Nd3 Nf8 15. g3 g5 16. Bc1 h6 17. Bf3 Bh3 18. Bg2 Qd7 19. Bxh3 Qxh3 20.
Qf3 Ng6 21. Qg2 Qd7 22. Be3 Ng4 23. Bd2 f5 24. f3 Nf6 25. exf5 Qxf5 26. Ne4 Qd7 27.
Ndf2 Rf8 28. Nxf6+ Bxf6 29. Ne4 Be7 30. Qe2 Rf7 31.
Rf2 Raf8 32. Raf1 Bd8 33. Kg2 Ne7 34. Nc3 Nf5 35. Qe4 Kg7 36. Qg4 Kg6 37. h4 h5 38.
Qxg5+ Bxg5 0-1

[Event "*** MasterClass Titled Tuesday Blitz"]
[Site "Chess.com"]
[Date "2017.10.03"]
[Round "9"]
[White "MaxLeto"]
[Black "Hanging_pointer"]
[Result "0-1"]
[WhiteElo "2341"]
[BlackElo "2356"]
[TimeControl "180+2"]
[EndTime "15:02:33 PDT"]
[Termination "Hanging_pointer won on time"]

1. b3 e5 2. Bb2 Nc6 3. e3 Nf6 4.
Bb5 Bd6 5. Na3 Na5 6. Nf3 Qe7 7. Qc1 a6 8. Be2 c5 9. d4 cxd4 10. exd4 e4 11. Ne5 O-O 12. O-O b5 13. c4 bxc4 14.
bxc4 Nc6 15. f4 Rb8 16. c5 Bc7 17. Nac4 Nd5 18. a4 f6 19. Ng4 a5 20. Nge3 Ncb4 21. Ba3 Qe6 22. f5 Qf7 23. Qd2 Bb7 24.
Rab1 Bc6 25. Rfd1 Bxa4 26. Rdc1 Bc6 0-1

[Event "*** MasterClass Titled Tuesday Blitz"]
[Site "Chess.com"]
[Date "2017.10.03"]
[Round "9"]
[White "51616516516"]
[Black "peteseeger"]
[Result "0-1"]
[WhiteElo "2057"]
[BlackElo "2155"]
[TimeControl "180+2"]
[EndTime "15:02:34 PDT"]
[Termination "peteseeger won by checkmate"]

1. Nf3 g6 2. d4 Bg7 3. c4 d6 4. g3 e5 5. Nc3 Nd7 6. Bg2 Ne7 7. O-O O-O 8. e4 exd4 9. Nxd4 Nc6 10. Be3 Nde5 11. Qe2 Bg4 12. f3 Nxd4 13. Bxd4 Nxf3+ 14. Bxf3 Bxd4+ 15. Kg2 Bxf3+ 16. Qxf3 Bxc3 17. Qxc3 Qe7 18. Rae1 Qe5 19. Qb3 b6 20. Rf4 Rae8 21. Ref1 Re7 22. h4 Qd4 23. Qc2 Rfe8 24. Kh3 h5 25. Qa4 Rxe4 26. Rxf7 Re2 27. Rxc7 Qg4# 0-1

[Event "*** MasterClass Titled Tuesday Blitz"]
[Site "Chess.com"]
[Date "2017.10.03"]
[Round "9"]
[White "chessdjw"]
[Black "OparinGrigoriy"]
[Result "0-1"]
[WhiteElo "2293"]
[BlackElo "2662"]
[TimeControl "180+2"]
[EndTime "15:02:50 PDT"]
[Termination "OparinGrigoriy won by resignation"]

1. Nf3 c6 2. c4 d5 3. e3 Nf6 4.
Nc3 g6 5. d4 Bg7 6. Be2 O-O 7.
O-O b6 8. b3 Bb7 9. Bb2 e6 10.
h3 Nbd7 11. Ba3 Re8 12. Bd6 c5 13. Rc1 Rc8 14. Bh2 dxc4 15. Bxc4 a6 16. d5 exd5 17.
Nxd5 b5 18. Nxf6+ Nxf6 19. Be2 Ne4 20. Qc2 Qe7 21. a4 Nc3 22. axb5 axb5 23. Rfe1 Red8 24. Nd2 Qd7 25. Bf3 Ba6 26. Ne4 b4 27. Nd6 Rb8 28.
Nc4 Bxc4 29. bxc4 b3 30. Qb2 Na2 31. Qa3 Nxc1 32. Bxb8 Nd3 33. Rd1 Rxb8 34. Bd5 Ne5 35. f4 b2 36. Qa2 Nc6 37. Kh2 Nb4 38. Qb1 Nxd5 39. Rxd5 Qe8 40. e4 Qa4 41. e5 Qxc4 42. Rd7 Qxf4+ 43. Kh1 Qxe5 44. Qa2 b1=Q+ 0-1

[Event "*** MasterClass Titled Tuesday Blitz"]
[Site "Chess.com"]
[Date "2017.10.03"]
[Round "9"]
[White "wonderfultime"]
[Black "Kacparov"]
[Result "1-0"]
[WhiteElo "2600"]
[BlackElo "2604"]
[TimeControl "180+2"]
[EndTime "15:02:57 PDT"]
[Termination "wonderfultime won by resignation"]

1. d4 d6 2. Nf3 g6 3. g3 Bg7 4. Bg2 Nd7 5. O-O e5 6. c4 Ne7 7.
Nc3 O-O 8. dxe5 Nxe5 9. Nxe5 Bxe5 10. Bg5 c6 11. Qd2 Be6 12. Ne4 Bxc4 13. Rad1 Qc7 14.
Nf6+ Kg7 15. Ng4 Ng8 16. f4 Qb6+ 17. Kh1 f6 18. fxe5 fxg5 19. exd6 h5 20. Qc3+ Kh7 21. Ne5 Be6 22. Be4 Bf5 23. Bxf5 gxf5 24. Nd7 Qb5 25. Nxf8+ Rxf8 26. d7 Qxe2 27. Qb4 Rd8 28. Qd4 c5 29. Qd5 Nh6 30. Rfe1 Qxb2 31. Re7+ Kh8 32. Re8+ Kh7 33. Rxd8 h4 34. Rh8+ Kxh8 35. d8=Q+ Kh7 36. Qe7+ Kg6 37. Qe8+ Kh7 38. Qdd7+ 1-0

[Event "*** MasterClass Titled Tuesday Blitz"]
[Site "Chess.com"]
[Date "2017.10.03"]
[Round "9"]
[White "Cruel_Yaro"]
[Black "jefferyx"]
[Result "0-1"]
[WhiteElo "2710"]
[BlackElo "2783"]
[TimeControl "180+2"]
[EndTime "15:02:58 PDT"]
[Termination "jefferyx won by resignation"]

1. a3 g6 2. e4 c5 3. d4 cxd4 4. Qxd4 Nf6 5. e5 Nc6 6. Qc3 Ne4 7. Qe3 Qa5+ 8. Nd2 Nxd2 9. Bxd2 Qxe5 10. Qxe5 Nxe5 11. Bc3 f6 12. f4 Nc6 13. Nf3 d6 14. Bc4 Bf5 15. O-O-O e5 16. Kb1 O-O-O 17. h3 Bh6 18.
Nh4 Be4 19. Be6+ Kc7 20. Rhe1 d5 21. fxe5 fxe5 22. Nf3 Rhe8 23. Bg4 Bf4 24. h4 Bf5 25. Bxf5 gxf5 26. Bd2 Bxd2 27. Rxd2 d4 28. Rde2 e4 29. Ng5 Re7 30. g4 h6 31. Nh3 fxg4 32. Nf2 e3 33. Nxg4 Re6 34. Nh2 Rf8 35. Rg2 Rf4 36. h5 Rh4 37.
Nf3 Rxh5 38. Rg4 Rd5 39. Rf4 h5 40. Kc1 Kb6 41. Kd1 d3 42. cxd3 Rxd3+ 43. Kc2 Rd5 44. Kc3 e2 45. Kc2 Re3 46. Rf6 Rxf3 47. Rxf3 Nd4+ 0-1

[Event "*** MasterClass Titled Tuesday Blitz"]
[Site "Chess.com"]
[Date "2017.10.03"]
[Round "9"]
[White "yosephtaher"]
[Black "JSPrepz"]
[Result "1-0"]
[WhiteElo "2596"]
[BlackElo "2531"]
[TimeControl "180+2"]
[EndTime "15:03:14 PDT"]
[Termination "yosephtaher won by resignation"]

1. d4 Nf6 2. c4 c5 3. d5 b5 4.
cxb5 a6 5. bxa6 g6 6. Nc3 Bg7 7. e4 O-O 8. Nf3 Qa5 9. Bd2 Bxa6 10. Bxa6 Qxa6 11. Qe2 e6 12. Qxa6 Nxa6 13. dxe6 fxe6 14. O-O Rfb8 15. Rab1 d5 16. exd5 exd5 17. b3 d4 18. Na4 Ne4 19. Rfc1 d3 20. Be3 Nb4 21. Rc4 Nd6 22.
Rxc5 Nxa2 23. Bf4 Bf8 24. Rd5 Rxa4 25. Bxd6 Bxd6 26. Rxd6 Nc3 27. Re1 Ne2+ 28. Kf1 Rxb3 29. Ne5 Rd4 30. Rxd4 Nxd4 31. Rd1 Kg7 32. Nxd3 Rc3 33.
Nf4 Nf5 34. Rd7+ Kg8 35. g3 Ra3 36. Ne6 Ra2 37. Rd8+ Kf7 38. Ng5+ Kg7 39. Rd7+ Kf6 40. Nxh7+ Ke5 41. Ng5 Ne3+ 42. fxe3 Kf5 43. Nf3 Ke4 44.
Rf7 Kxe3 45. Kg1 Rb2 46. Ng5 Rc2 47. Rf3+ Kd4 48. Rf2 Rc6 49. Kg2 Ke3 50. h4 Rc4 51. Nh3 Ra4 52. Rf3+ Ke2 53. Nf4+ Ke1 54. Nxg6 Ra2+ 55.
Kh3 Ke2 56. Kg4 Ra6 57. Nf4+ Kd2 58. h5 Ra7 59. Ng6 Rc7 60. Rf5 Rg7 61. Kg5 Kd3 62. g4 Rh7 63. h6 Kd4 64. Nf8 Ke4 65. Nxh7 1-0

[Event "*** MasterClass Titled Tuesday Blitz"]
[Site "Chess.com"]
[Date "2017.10.03"]
[Round "9"]
[White "sergiochess83"]
[Black "tigra"]
[Result "1-0"]
[WhiteElo "2735"]
[BlackElo "2653"]
[TimeControl "180+2"]
[EndTime "15:03:18 PDT"]
[Termination "sergiochess83 won by resignation"]

1. e4 c5 2. Nf3 g6 3. c3 Bg7 4.
d4 cxd4 5. cxd4 d5 6. e5 Bg4 7.
Nbd2 Nc6 8. h3 Bf5 9. Bb5 Rc8 10. O-O a6 11. Bxc6+ Rxc6 12. Nb3 Bc2 13. Qe2 Bxb3 14. axb3 Qb6 15. Be3 e6 16. Rfc1 Ne7 17. Bg5 h6 18. Bf6 Bxf6 19. exf6 Rxc1+ 20. Rxc1 Nc6 21. Ne5 Qxd4 22. Nxg6 Rg8 23. Ne5 Qf4 24. Qe3 Qxe3 25. fxe3 Rg3 26. Kf2 Rg5 27. Nxc6 Rf5+ 28. Ke2 bxc6 29.
Rxc6 a5 30. Rc5 Rxf6 31. Rxa5 h5 32. b4 Rg6 33. Kf2 Rf6+ 34. Kg1 Kd7 35. Rc5 Rg6 36. b5 Rg8 37. Kf2 h4 38. Kf3 Rb8 39. b4 f6 40. e4 dxe4+ 41. Kxe4 Kd6 42. Kd4 Rb6 43. Rh5 f5 44. Kc4 Rb8 45. Rxh4 Rh8 46. Rxh8 1-0

[Event "*** MasterClass Titled Tuesday Blitz"]
[Site "Chess.com"]
[Date "2017.10.03"]
[Round "9"]
[White "fidetrainerNET"]
[Black "Too_Stupid_To_Play"]
[Result "0-1"]
[WhiteElo "2052"]
[BlackElo "2164"]
[TimeControl "180+2"]
[EndTime "15:03:18 PDT"]
[Termination "Too_Stupid_To_Play won by checkmate"]

1. Nf3 Nf6 2. d4 e6 3. c4 b6 4.
Nbd2 Bb7 5. g3 c5 6. dxc5 bxc5 7. Bg2 Be7 8. O-O O-O 9. b3 Qb6 10. Ng5 h6 11. Nge4 d5 12. cxd5 exd5 13. Nc3 Rd8 14. Na4 Qe6 15. Ba3 Na6 16. Rc1 Rac8 17. Re1 Ne4 18. Nf3 Bf6 19. e3 Rd7 20. Re2 Rdc7 21. Rec2 Qe7 22. Nd2 Nb4 23. Nxe4 dxe4 24. Rd2 Nd3 25.
Rcc2 g6 26. Bf1 Ba6 27. Bxd3 exd3 28. Rc1 Qe4 29. h3 Bb7 30. f3 Qxe3+ 31. Kh2 Bxf3 32. Qe1 Be2 33. Rc4 Be5 34. Re4 Qxe4 35. Rxe2 Qxe2+ 36. Qxe2 dxe2 37. Nxc5 e1=Q 38. Ne4 Rc2+ 39. Nf2 Rxf2# 0-1

[Event "*** MasterClass Titled Tuesday Blitz"]
[Site "Chess.com"]
[Date "2017.10.03"]
[Round "9"]
[White "Bengalas"]
[Black "Tibmat"]
[Result "1/2-1/2"]
[WhiteElo "2502"]
[BlackElo "2401"]
[TimeControl "180+2"]
[EndTime "15:03:22 PDT"]
[Termination "Game drawn by repetition"]

1. d4 Nf6 2. c4 b6 3. f3 Nc6 4. Nc3 e5 5. d5 Ne7 6. g4 h6 7. h4 Ng6 8. h5 Ne7 9. Nh3 Neg8 10. a3 Nh7 11. Ne4 d6 12. Ng3 Be7 13. Be3 Ng5 14.
Bf2 Nxh3 15. Bxh3 Nf6 16. Qc2 a5 17. O-O-O a4 18. Kb1 Nh7 19. e3 Bg5 20. Bf1 Qf6 21.
Be2 Qd8 22. Bd3 Nf6 23. Qd2 Nd7 24. Bf5 Nc5 25. Qc2 Qf6 26. Bxc8 Rxc8 27. Qf5 Qxf5+ 28. gxf5 Kd7 29. e4 Nb3 30. Kc2 c6 31. Kd3 c5 32.
Ne2 Rb8 33. Nc3 Ra8 34. Kc2 Na5 35. Kd3 Nb3 36. Rhg1 Rhb8 37. Kc2 Na5 38. Kd3 Nb3 39. Kc2 Na5 40. Kd3 Nb3 41. Kc2 Na5 42. Kd3 Nb3 43.
Kc2 Na5 44. Kd3 Nb3 1/2-1/2